 Dungeon Crawl Stone Soup version 0.31.0-11-ge490571c62 (webtiles) character file.

Game seed: 4675517651038375002

281 sanka the Cleaver (level 6, -5/52 HPs)
             Began as a Hill Orc Fighter on Feb 1, 2024.
             Slain by an iguana (10 damage)
             ... on level 4 of the Dungeon.
             The game lasted 00:03:08 (2594 turns).

sanka the Cleaver (Hill Orc Fighter)                Turns: 2594, Time: 00:03:09

Health: -5/52      AC:  6    Str: 21    XL:     6   Next: 27%
Magic:  6/6        EV:  9    Int:  8    God:
Gold:   228        SH:  4    Dex: 10    Spells: 5/5 levels left

rFire   . . .        a - +0 war axe
rCold   . . .        c - +0 buckler
rNeg    + . .        b - +0 scale mail
rPois   .            (no helmet)
rElec   .            (no cloak)
rCorr   .            (no gloves)
SInv    .            (no boots)
Will    .....        (no amulet) Stlth
                     (no ring)
HPRegen 0.28/turn    t - ring of positive energy
MPRegen 0.10/turn

%: no passive effects
@: no status effects
A: no striking features
a: no special abilities


You were on level 4 of the Dungeon.
You visited 1 branch of the dungeon, and saw 5 of its levels.

You collected 228 gold pieces.


   Skills:
 - Level 4.0 Fighting
 + Level 8.3 Axes
 - Level 3.2 Armour
 - Level 3.2 Shields


You had 5 spell levels left.
You didn't know any spells.
Your spell library contained the following spells:

 Spells                   Type           Power      Damage    Failure   Level
 Apportation              Tloc           0%         N/A       82%         1
 Necrotise                Necr           0%         1d4       82%         1
 Sting                    Conj/Alch      0%         1d3       82%         1
 Summon Small Mammal      Summ           0%         N/A       82%         1

Inventory:

Hand Weapons
 a - a +0 war axe (weapon)
Missiles
 p - 4 curare-tipped darts {=f}
Armour
 b - a +0 scale mail (worn)
 c - a +0 buckler (worn)
Jewellery
 t - a ring of positive energy (right hand)
Talismans
 s - a flux talisman
Scrolls
 e - 2 scrolls of identify {unknown}
 f - a scroll of immolation {unknown}
 g - 3 scrolls of noise {unknown}
 i - 3 scrolls of enchant armour {unknown}
 j - 4 scrolls of teleportation {unknown}
 l - a scroll of poison {unknown}
 n - 2 scrolls of fear {unknown}
Potions
 d - a potion of might
 h - a potion of enlightenment {unknown}
 k - a potion of magic {unknown}
 m - a potion of attraction {unknown}
 o - 2 potions of ambrosia {unknown}
 q - 4 potions of heal wounds {unknown}
 r - 3 potions of brilliance {unknown}
 u - a potion of haste {unknown}
 v - a potion of cancellation {unknown}

Dungeon Overview and Level Annotations

Branches:
Dungeon (5/15)
 Temple: D:4-7

Altars:

▒ ▒ ▒.▒ .▒. .. .
▒.▒ .. .. ▒.▒ .
... ▒.▒.▒....
▒▒.▒..▒...
▒▒...▒..▒..
▒▒▒▒▒▒>.o."...▒
▒.......†l.....▒
▒.▒.▒.......▒▒..
.....▒...▒.▒
▒.....▒▒.▒▒...
▒.▒.▒. ▒.. ..▒
▒..... .▒.. ▒..
▒..... ▒ ▒.. ..
▒. ▒▒


You could see an iguana.


Message History

The hound barely misses you.
Unknown command.
You barely miss the hound.
The hound is severely wounded.
You closely miss the iguana. The hound bites you but does no damage.
The iguana bites you!
* * * LOW HITPOINT WARNING * * *
The hound bites you but does no damage.
Unknown command.
You barely miss the hound.
The hound is severely wounded.
You closely miss the iguana. The hound bites you but does no damage.
The iguana barely misses you.
Unknown command.
You hit the iguana but do no damage.
The iguana is moderately wounded.
You closely miss the hound. The hound bites you but does no damage.
The iguana bites you.
* * * LOW HITPOINT WARNING * * *
The hound barely misses you.
Unknown command.
You barely miss the iguana.
The iguana is moderately wounded.
You slash the hound!
You kill the hound!
The iguana bites you!
You die...

Action                     |  1- 3 |  4- 6 || total
---------------------------+-------+-------++-------
  Melee: War axe           |   120 |    92 ||   212
 Armour: Scale mail        |    98 |    71 ||   169
  Dodge: Dodged            |    73 |    40 ||   113
  Block: Buckler           |    31 |    16 ||    47

Levels and vault maps discovered:
D:1:      psy_arrival_basics, layout_rooms,
          hellmonk_ecumenical_altar_arch_garden, minivault_5,
          minmay_misc_feat_tiny, supply_closet_lemuel
D:2:      layout_basic, minmay_misc_feat_iff, chequers_mini_garden, uniq_natasha
D:3:      layout_basic, kennysheep_nondescript, dk_vineyard_1
D:4:      layout_loops_ring, mainiacjoe_overflow_catwalk_spiral,
          columned_hall_lemuel, corexii_hall_statues_i, minmay_statues_item,
          minivault_26, nicolae_shop_overcharged_wands, uniq_eustachio
D:5:      layout_loops_corners, serial_undead, serial_undead_f, serial_undead_f,
          serial_undead_f, serial_undead_a, nicolae_sextant, goddamned_bats

Notes
Turn   | Place    | Note
-------+----------+-------------------------------------------
     0 | D:1      | sanka the Hill Orc Fighter began the quest for the Orb.
     0 | D:1      | Reached XP level 1. HP: 19/19 MP: 1/1
    54 | D:1      | Reached skill level 3 in Axes
    60 | D:1      | Reached skill level 4 in Fighting
    60 | D:1      | Reached XP level 2. HP: 24/27 MP: 2/2
   278 | D:1      | Reached skill level 4 in Axes
   346 | D:1      | Reached XP level 3. HP: 27/33 MP: 3/3
   451 | D:1      | Found a faded altar of an unknown god.
   890 | D:2      | Reached skill level 5 in Axes
  1029 | D:2      | Noticed Natasha
  1032 | D:2      | Killed Natasha
  1033 | D:2      | Reached XP level 4. HP: 32/40 MP: 4/4
  1239 | D:2      | Noticed Natasha
  1254 | D:2      | Killed Natasha
  1255 | D:2      | Reached skill level 6 in Axes
  1291 | D:2      | Noticed Natasha
  1303 | D:2      | Killed Natasha
  1304 | D:2      | Reached XP level 5. HP: 13/46 MP: 5/5
  1895 | D:3      | Reached skill level 7 in Axes
  2395 | D:5      | Entered Level 5 of the Dungeon
  2429 | D:5      | Reached skill level 8 in Axes
  2429 | D:5      | Reached XP level 6. HP: 11/52 MP: 6/6
  2593 | D:4      | HP: 5/52 [iguana (3)]
  2594 | D:4      | Slain by an iguana

Vanquished Creatures
  A wyvern zombie (D:5)
  A hound (D:4)
  An orc priest (D:3)
  Natasha (thrice) (D:2)
  A howler monkey zombie (D:5)
  3 adders (D:3)
  A dart slug (D:1)
  3 orcs (D:3)
  11 ball pythons
  7 endoplasms
  2 giant cockroaches
  5 goblins
  7 hobgoblins
  4 jackals (D:1)
  4 quokkas
  10 bats
  2 frilled lizards
  3 kobolds
  3 rats
72 creatures vanquished.
